 Dungeon Crawl Stone Soup version bcrawl-1.12-11-gb93c957c58 (webtiles) character file.

Game seed: 12713280267286841899

113 Chiseanne the Chopper (level 4, -7/38 HPs)
             Began as a Draconian Archaeologist on July 10, 2019.
             Killed by divine providence
             ... invoked by an orc priest
              (10 damage)
             ... on level 3 of the Dungeon.
             The game lasted 00:08:02 (2264 turns).

Chiseanne the Chopper (Draconian Archaeologist)     Turns: 2264, Time: 00:08:03

Health: -7/38      AC: 10    Str: 13 (14) XL:     4   Next: 65%
Magic:  4/4        EV: 12    Int: 13 (14) God:
Gold:   188        SH:  0    Dex:  7 (10) Spells: 3/3 levels left

rFire    . . .     SeeInvis .   o - +0 long sword (holy)
rCold    + . .     Gourm    .   (no shield)
rNeg     . . .     Faith    .   (armour unavailable)
rPois    .         Spirit   .   i - +1 hat
rElec    .         Reflect  .   (no cloak)
rCorr    .         Harm     .   c - +1 pair of gloves
MR       .....                  b - +1 pair of boots
Stlth    ++........             n - amulet of regeneration
HPRegen  0.52/turn              k - ring of protection from cold
MPRegen  0.09/turn              (no ring)

@: studying Axes
A: unfitting armour, cold-blooded, AC +5
a: no special abilities


You were on level 3 of the Dungeon.
You were not hungry.

You visited 1 branch of the dungeon, and saw 3 of its levels.

You collected 188 gold pieces.

Inventory:

Hand Weapons
 a - a +0 short sword
 o - a +0 long sword of holy wrath (weapon)
 w - a +0 hunting sling
Missiles
 h - 626 stones (quivered)
 q - 113 arrows
 t - 154 poisoned needles
Armour
 b - a +1 pair of boots (worn)
 c - a +1 pair of gloves (worn)
 i - a +1 hat (worn)
Jewellery
 k - a ring of protection from cold (left hand)
 n - an amulet of regeneration (around neck)
Scrolls
 g - a scroll of fear
 j - 3 scrolls of teleportation
 s - a scroll of identify
 u - 2 scrolls of remove curse
Books
 d - a manual of Axes
Miscellaneous
 e - an ancient crate
Comestibles
 f - 6 rations {!d}


   Skills:
 - Level 3.3 Fighting
 + Level 4.7 Axes
 - Level 2.6 Dodging
 - Level 3.0 Stealth


You had 3 spell levels left.
You didn't know any spells.
Your spell library was empty.

Dungeon Overview and Level Annotations

Branches:
Dungeon (3/12)

Altars:
Okawaru
Yredelemnul


Innate Abilities, Weirdness & Mutations

Your plain brown scales are hard. (AC +5)
You cannot fit into any form of body armour.
You are cold-blooded and may be slowed by cold attacks.


Message History

The orc priest mumbles some strange prayers to Beogh against you.
Beogh smites you!
* * * LOW HITPOINT WARNING * * *
It was a potion of degeneration.
There was something very wrong with that liquid.
You feel weakened.
You feel dopey.
You feel clumsy. The orc closely misses you.
You hit the orc.
The orc is almost dead.
The orc closely misses you.
You closely miss the orc.
The orc is almost dead.
The orc barely misses you.
You hit the orc.
You kill the orc!
You barely miss the orc. The orc hits you with a +0 hand axe.
* * * LOW HITPOINT WARNING * * *
The orc priest calls down the wrath of Beogh upon you.
Beogh smites you!
You die...

#.###########....##
##.##### #.# #.##.#
#...... #.# #.##.#
####### #.# #.##.#
..# #.##.# .##
#.##.# .# ...#.# .#
...#.# .# #@# .#
#o##### ## #o....#
#####o# #.#
#..o.........#
...####.####### .%.
≈≈#


You could see an orc priest and an orc.

Vanquished Creatures
  Terence (D:3)
  An adder (D:3)
  2 oozes
  A worm (D:2)
  2 dart slugs
  4 leopard geckos
  An orc (D:3)
  2 giant cockroaches
  8 hobgoblins
  2 jackals (D:2)
  5 kobolds
  A quokka (D:3)
  3 ball pythons
  5 bats
  3 frilled lizards (D:2)
  9 goblins
  8 rats
58 creatures vanquished.

Notes
Turn   | Place    | Note
-------+----------+-------------------------------------------
     0 | D:1      | Chiseanne the Draconian Archaeologist began the quest for
                  | the Orb.
     0 | D:1      | Reached XP level 1. HP: 16/16 MP: 1/1
    70 | D:1      | Reached XP level 2. HP: 25/25 MP: 2/2
  1024 | D:2      | Reached XP level 3. HP: 31/31 MP: 3/3
  1076 | D:2      | Reached skill level 1 in Axes
  1146 | D:2      | Found a basalt altar of Yredelemnul.
  1187 | D:2      | Reached skill level 2 in Axes
  1581 | D:2      | Reached skill level 3 in Axes
  1699 | D:2      | Reached XP level 4. HP: 38/38 MP: 4/4
  1727 | D:2      | Found an iron altar of Okawaru.
  1962 | D:3      | Noticed Terence
  2007 | D:3      | Killed Terence
  2007 | D:3      | Reached skill level 4 in Axes
  2264 | D:3      | Killed from afar by an orc priest

Skill      XL: |  1  2  3  4 |
---------------+-------------+-----
Fighting       | 2 3 |  3.3
Axes           | 3 4 |  4.7
Dodging        | |  2.6
Stealth        | |  3.0

Action                   |  1- 3 |  4- 6 || total
-------------------------+-------+-------++-------
Melee: Unarmed           |    15 |       ||    15
       Tailslap          |    15 |     6 ||    21
       Short sword       |   195 |    17 ||   212
       Long sword        |       |    41 ||    41
 Fire: Hunting sling     |       |    10 ||    10
  Use: Scroll            |     5 |     2 ||     7
       Potion            |       |     1 ||     1
 Stab: Sleeping          |     4 |     2 ||     6
  Eat: Chunk             |     3 |     2 ||     5
Armor: Skin              |   101 |    20 ||   121
Dodge: Dodged            |   164 |    34 ||   198
